 Dungeon Crawl Stone Soup version 0.30-a0-354-g6b83867211 (webtiles) character file.

Game seed: 634711661618509757

205 blackman the Slasher (level 6, -5/47 HPs)
             Began as a Human Delver on Nov 8, 2022.
             Was a Follower of Zin.
             Succumbed to their own poison gas
             ... on level 5 of the Dungeon.
             The game lasted 00:13:52 (1514 turns).

blackman the Slasher (Human Delver)                 Turns: 1514, Time: 00:13:52

Health: -5/47      AC:  4    Str: 12    XL:     6   Next: 10%
Magic:  6/6        EV: 16    Int: 11    God:    Zin [*.....]
Gold:   131        SH:  0    Dex: 16    Spells: 5/5 levels left

rFire   . . .      SeeInvis .    o - +0 halberd
rCold   . . .      Faith    .    (shield currently unavailable)
rNeg    . . .      Spirit   .    b - +0 leather armour
rPois   .          Reflect  .    (no helmet)
rElec   .          Harm     .    (no cloak)
rCorr   .          Rampage  .    e - +0 pair of gloves
Will    .....                    (no boots)
Stlth   +++.......               (no amulet)
HPRegen 0.27/turn                h - +4 ring of evasion
MPRegen 0.10/turn                (no ring)

@: lethally poisoned (-5 -> -65), on berserk cooldown, slowed, very slow
A: no striking features
a: Renounce Religion, Recite, Donate Gold


You were on level 5 of the Dungeon.
You worshipped Zin.
Zin was aware of your devotion.
You visited 2 branches of the dungeon, and saw 6 of its levels.

You collected 145 gold pieces.
You donated 14 gold pieces to Zin.

Inventory:

Hand Weapons
 a - a +0 falchion
 n - a +1 whip of flaming
 o - a +0 halberd (weapon)
 q - the +6 dagger of Agyet {freeze, rC+ Str+3}
   (You took it off an orc on level 4 of the Dungeon)

   It freezes those it strikes, dealing additional cold damage.
   It can also slow down cold-blooded creatures.
   Str:       It affects your strength (+3).
   rC:        It protects you from cold.
 r - a +0 flail
Missiles
 j - 7 stones
 s - 2 boomerangs (quivered)
Armour
 b - a +0 leather armour (worn)
 e - a +0 pair of gloves (worn)
Jewellery
 h - a +4 ring of evasion (left hand)
Wands
 g - a wand of digging (2)
Scrolls
 c - a scroll of fog
 d - a scroll of identify
 k - a scroll of teleportation
Potions
 f - a potion of curing
 i - a potion of ambrosia
 p - a potion of brilliance {unknown}


   Skills:
 - Level 3.0 Fighting
 + Level 5.9 Long Blades
 - Level 2.0 Dodging
 - Level 5.0 Stealth


You had 5 spell levels left.
You didn't know any spells.
Your spell library was empty.

Dungeon Overview and Level Annotations

Branches:
Dungeon (8/15)             Temple (1/1) D:5
   Lair: D:8-11

Altars:
Ashenzari
Makhleb
Ru
Xom
Zin
The Shining One

Shops:
D:5 :

Annotations:
D:5 1 runed translucent door
D:8 Maurice


Message History

The butterfly is engulfed in poison gas.
The butterfly is poisoned.
You kill the butterfly!
The scorpion stings you but does no damage.
The giant cockroach closely misses you.
Really walk into that cloud of poison gas?
The giant cockroach attacks as you move away!
The giant cockroach completely misses you.
You are engulfed in poison gas.
You are poisoned.
You feel very sick.
You are engulfed in poison gas.
You are more poisoned.
You feel extremely sick.
It was a potion of berserk rage.
A red film seems to cover your vision as you go berserk!
You feel yourself moving faster!
You feel mighty!
You are engulfed in poison gas.
You are more poisoned.
You feel extremely sick.
You are too berserk!
You are too berserk!
You are too berserk!
Unknown command.
You feel a strong urge to attack something.
You are engulfed in poison gas.
You are more poisoned.
* * * LOW HITPOINT WARNING * * *
You feel extremely sick.
You are engulfed in poison gas.
You are more poisoned.
* * * LOW HITPOINT WARNING * * *
x2 You feel very sick.
You feel your anger nearly subside.
You are engulfed in poison gas.
You are more poisoned.
* * * LOW HITPOINT WARNING * * *
You are no longer berserk.
You are exhausted.
You feel yourself slow down.
You die...

.#..#......########+**********,,,
....#..###.#§§§§§.,,,,,,,,,* *,,,
...##..#*#.#§§§§§,,,,,,,,,,* *,,,
...+....,..#☼§.§#######,,,,* *,,,
...#.......#☼§§s#Bs...#,,,.* *,,,
...#.......#☼☼§BBsy[sB+,,..* ####
...#...#####☼§§§#s....#,...* #...
.^.#...#...#§§§§#######....* #.#.
...#...#<..#§§§☼@..........* #..#
...#...#...#§§☼§§..........* #...
..†###'#...########'##########.#.
*#...........................#...
,#...............................
,#......###'####'##..............
,#......+....#....#.............#
,#....<.#....#....#.....⌠.⌠......
,#......#....#....#..............


You could see a scorpion and a giant cockroach.

Vanquished Creatures
  A scorpion (D:5)
  An iguana (D:5)
  An orc wizard (D:4)
  2 adders
  2 orcs (D:4)
  A giant cockroach (D:4)
  A goblin (D:4)
  3 butterflies (D:5)
12 creatures vanquished.

Vanquished Creatures (collateral kills)
  A scorpion (D:4)
  An adder (D:4)
2 creatures vanquished.

Grand Total: 14 creatures vanquished

Notes
Turn   | Place    | Note
-------+----------+-------------------------------------------
     0 | D:5      | blackman the Human Delver began the quest for the Orb.
     0 | D:5      | Reached XP level 1. HP: 18/18 MP: 1/1
    21 | D:6      | Noticed a water moccasin
    38 | D:6      | Noticed a hound
    49 | D:6      | Noticed an iguana
    66 | D:6      | Reached XP level 2. HP: 24/24 MP: 2/2
   176 | D:7      | Found a shimmering altar of Xom.
   176 | D:7      | Noticed a black bear
   211 | D:8      | Noticed Maurice
   211 | D:8      | Noticed a wight
   211 | D:8      | Noticed a wight
   293 | D:8      | Noticed a wight
   294 | D:8      | Noticed a wight
   466 | D:5      | Noticed a scorpion
   501 | D:5      | Found a staircase to the Ecumenical Temple.
   510 | Temple   | Entered the Ecumenical Temple
   560 | Temple   | Became a worshipper of Zin the Law-Giver
   584 | D:5      | Found a runed translucent door.
   585 | D:5      | Found a runed translucent door.
   585 | D:5      | Noticed a scorpion
   585 | D:5      | Noticed a scorpion
   585 | D:5      | Noticed a scorpion
   585 | D:5      | Noticed a scorpion
   585 | D:5      | Noticed a scorpion
   585 | D:5      | Noticed a vampire mosquito
   593 | D:5      | Found Amnown's Vocational Training.
   645 | D:5      | Noticed a scorpion
   717 | D:4      | Reached * piety under Zin
   732 | D:4      | Reached XP level 3. HP: 29/29 MP: 3/3
   737 | D:4      | Noticed a scorpion
   745 | D:4      | Killed a scorpion
   746 | D:4      | Reached XP level 4. HP: 35/35 MP: 4/4
   820 | D:5      | Reached skill level 5 in Long Blades
   820 | D:5      | Reached XP level 5. HP: 22/41 MP: 5/5
  1248 | D:4      | Identified the +6 dagger of Agyet {freeze, rC+ Str+3}
  1357 | D:5      | Reached XP level 6. HP: 20/47 MP: 6/6
  1514 | D:5      | Succumbed to their own poison gas

Illustrated notes

Levels and vault maps discovered:
D:4:      layout_basic, chequers_serial_rivers_large_a
D:5:      lemuel_insect_pit, layout_gridville, minmay_temple_entry_arrows,
          minivault_1, grunt_decor_fettered, mrwooster_statue_mirror,
          hangedman_decor_opposing, nicolae_shop_vocational, uniq_grinder
D:6:      layout_rooms, gup_sewer_entry_spiral, corexii_item_surrounded_by_moat
D:7:      layout_gridville, hangedman_feature_mirror, minmay_fountain_box
D:8:      layout_loops_ring, uniq_maurice
Temple:   nicolae_temple_slightly_damp_pantheon

Skill      XL: |  1  2  3  4 |
---------------+-------------+-----
Long Blades    | 3 4 5 |  5.9
Fighting       | |  3.0
Dodging        | |  2.0
Stealth        | |  5.0

Action                   |  1- 3 |  4- 6 || total
-------------------------+-------+-------++-------
Melee: Falchion          |    32 |     9 ||    41
       Halberd           |       |    21 ||    21
Throw: Stone             |       |     3 ||     3
       Boomerang         |       |     2 ||     2
Evoke: Wand              |     1 |       ||     1
  Use: Scroll            |     7 |     3 ||    10
       Potion            |     1 |     1 ||     2
 Stab: Sleeping          |     1 |     1 ||     2
       Distracted        |       |     1 ||     1
Armor: Leather armour    |     6 |     3 ||     9
Dodge: Dodged            |    32 |    18 ||    50

Table legend: (Time is in decaauts)
 A = Elapsed time spent in this place.
 B = Non-inter-level travel time spent in this place.
 C = Inter-level travel time spent in this place.
 D = Time resting spent in this place.
 E = Time spent auto-exploring this place.
 F = Levels seen in this place.
 G = Mean time per level.
                   A        B        C        D        E       F      G
               +--------+--------+--------+--------+--------+-----+--------+
         Total |   1513 |   1392 |    121 |    380 |    325 |   6 |  252.2 |
       Dungeon |   1444 |   1347 |     97 |    380 |    296 |   5 |  288.8 |
        Temple |     68 |     44 |     24 |      0 |     29 |   1 |   68.0 |
               +--------+--------+--------+--------+--------+-----+--------+

Top non-repeatable levels by time:
     D:5: 712 daAuts
     D:4: 362 daAuts
     D:7: 167 daAuts
     D:6: 155 daAuts
  Temple: 68 daAuts
     D:8: 47 daAuts
